Map: Jagannatha LE

Players

已完成

  • Race: Zerg Zerg
  • League: Platinum
  • Spawn Location: 1:00

FLORENCIO - Winner!

  • Race: Terran Terran
  • League: Platinum
  • Spawn Location: 7:00

VOD

Have the link to the VOD?

Description

Time

  • Played on: March 18, 2021, 5:38 a.m.
  • Length: 31:05
Show
View Real Time Build Order
Export as new Build Order

已完成 Zerg 

Build Orders: Hatch First 

Get SALT Encoding   

  12  0:00  Drone  
  13  0:12  Overlord  
  13  0:17  Drone  
  14  0:31  Drone x2  
  16  0:36  Drone  
  17  0:53  Hatchery  
  17  0:56  Drone  
  17  0:59  Drone  
  18  1:10  Extractor  
  17  1:15  Spawning Pool  
  17  1:18  Drone  
  17  1:21  Drone  
  18  1:30  Drone  
  19  1:43  Drone  
  20  1:50  Overlord  
  20  2:05  Zergling x4, Queen  
  24  2:15  Metabolic Boost, Hatchery  
  23  2:26  Overlord  
  23  2:37  Drone x4  
  27  2:47  Queen  
  27  2:49  Drone x2  
  31  3:01  Pneumatized Carapace  
  31  3:11  Spine Crawler, Overlord  
  30  3:13  Spine Crawler  
  29  3:29  Overlord x2  
  29  3:32  Zergling x6  
  32  3:36  Hatchery  
  32  3:40  Queen  
  33  3:50  Queen  
  35  3:59  Drone x5  
  39  4:42  Drone x8  
  47  4:47  Hatchery  
  46  4:58  Extractor  
  45  5:00  Extractor, Roach Warren  
  45  5:06  Overlord x2  
  43  5:14  Overlord x2  
  43  5:34  Queen x2  
  49  5:48  Overlord x2  
  49  5:50  Zergling x18  
  49  5:51  Zergling x2, Roach x2  
  49  5:52  Roach  
  49  5:56  Lair  
  63  6:00  Evolution Chamber, Spore Crawler  
  63  6:02  Evolution Chamber  
  60  6:04  Spore Crawler  
  59  6:12  Roach x4  
  59  6:13  Roach x2  
  71  6:26  Drone  
  71  6:27  Drone x5  
  77  6:38  Drone x6  
  83  6:47  Ravager  
  83  6:49  Ravager  
  85  6:55  Drone  
  85  6:56  Drone x7  
  84  7:26  Drone x2  
  84  7:27  Drone x11  
  97  7:30  Extractor x2  
  97  7:35  Zerg Ground Armor Level 1  
  95  7:40  Hatchery  
  95  7:42  Queen x2  
  98  7:50  Overlord x2  
  98  7:53  Zerg Missile Weapons Level 1  
  98  7:55  Ravager  
  99  8:10  Drone x2  
  99  8:11  Spore Crawler  
  100  8:15  Spore Crawler  
  100  8:17  Drone x7  
  100  8:18  Drone x8, Spore Crawler x2  
  112  8:20  Drone  
  113  8:44  Burrow  
  113  8:48  Infestation Pit  
  113  8:54  Overlord x4  
  106  9:09  Glial Reconstitution  
  100  9:17  Drone x9  
  100  9:18  Drone x4  
  112  9:28  Overseer  
  114  9:36  Spore Crawler  
  114  9:37  Drone  
  114  9:38  Spore Crawler  
  113  9:52  Hive  
  111  9:53  Zerg Missile Weapons Level 2, Zerg Ground Armor Level 2  
  111  9:57  Hydralisk Den  
  111  9:59  Drone  
  111  10:00  Drone x13  
  121  10:31  Extractor x2  
  121  10:34  Overlord x4  
  117  10:37  Grooved Spines  
  117  10:41  Tunneling Claws  
  117  10:42  Baneling Nest  
  116  10:48  Extractor x2  
  114  10:50  Drone x5  
  114  10:51  Drone x7  
  114  10:52  Spine Crawler x3  
  114  10:56  Overseer x3  
  117  11:20  Drone x7  
  117  11:21  Drone x7  
  117  11:24  Viper x3  
  117  11:25  Viper x2  
  141  11:42  Drone x3  
  141  11:43  Drone x6  
  141  11:46  Overseer  
  140  11:47  Queen  
  140  11:48  Muscular Augments  
  142  12:02  Drone x3  
  142  12:03  Drone x4  
  142  12:04  Drone  
  142  12:07  Spine Crawler  
  149  12:09  Spine Crawler, Spore Crawler x2  
  141  12:23  Drone x3  
  141  12:24  Drone x3  
  141  12:25  Drone x5  
  141  12:28  Zerg Ground Armor Level 3, Zerg Missile Weapons Level 3  
  152  12:32  Queen  
  154  12:37  Zergling x10  
  154  12:38  Zergling x16  
  154  12:39  Centrifical Hooks  
  167  12:50  Hatchery  
  166  12:53  Zergling x18  
  174  13:18  Hatchery, Roach  
  174  13:19  Overlord x4  
  170  13:20  Overlord  
  156  13:32  Drone x4  
  156  13:33  Overlord x3  
  160  13:34  Hatchery  
  160  13:39  Lurker Den  
  158  13:42  Queen x4  
  164  13:58  Drone x2  
  164  13:59  Drone x3  
  164  14:00  Drone x2  
  164  14:01  Drone x4  
  172  14:17  Queen  
  172  14:18  Baneling  
  171  14:34  Zergling x2  
  171  14:35  Zergling x40  
  190  14:54  Baneling  
  190  14:55  Baneling x14  
  190  15:05  Hydralisk x6  
  198  15:21  Zergling x22  
  192  15:42  Spine Crawler x2, Extractor, Spore Crawler  
  188  15:43  Overseer  
  188  15:44  Overseer  
  178  16:00  Spine Crawler, Spore Crawler  
  161  16:18  Drone  
  161  16:19  Drone x12  
  161  16:21  Extractor  
  161  16:22  Extractor  
  161  16:23  Adaptive Talons  
  144  16:59  Zergling x2  
  144  17:00  Zergling x32  
  133  17:20  Seismic Spines, Roach  
  133  17:21  Roach x16  
  146  17:40  Hatchery  
  137  17:44  Hatchery  
  137  17:47  Zergling x2  
  137  17:48  Zergling x20, Queen  
  137  17:49  Queen x2  
  149  18:08  Overlord x4  
  149  18:09  Overlord  
  149  18:10  Overseer x4  
  130  18:30  Drone x7  
  130  18:31  Drone x11  
  109  18:43  Hatchery  
  109  18:46  Overlord x4  
  93  19:01  Hydralisk  
  93  19:02  Hydralisk x16  
  123  19:10  Extractor  
  123  19:11  Extractor  
  123  19:13  Roach  
  123  19:14  Roach x4  
  129  19:34  Overlord x3  
  108  19:51  Drone  
  108  19:52  Drone x10  
  115  20:03  Spore Crawler  
Show
View Real Time Build Order
Export as new Build Order

FLORENCIO Terran - Winner!

Build Orders: Mech 

Get SALT Encoding   

  12  0:02  SCV  
  13  0:14  SCV  
  14  0:26  SCV  
  15  0:30  Supply Depot  
  15  0:45  Refinery  
  15  0:52  SCV  
  15  0:54  Barracks  
  16  1:04  SCV  
  17  1:16  SCV  
  18  1:28  SCV  
  19  1:40  SCV  
  19  1:41  Marine  
  21  1:55  Command Center  
  21  1:59  Marine  
  22  2:21  Supply Depot  
  22  2:27  Bunker  
  22  2:31  SCV  
  22  2:36  Refinery  
  23  2:43  SCV  
  24  2:44  Bunker  
  24  2:49  Marine  
  25  3:07  Marine  
  26  3:13  Command Center  
  26  3:20  SCV x2  
  26  3:25  Marine  
  29  3:32  SCV x2  
  31  3:44  SCV x2  
  33  3:56  SCV x2, Engineering Bay  
  35  4:03  Factory  
  35  4:08  SCV x2  
  36  4:20  SCV x2  
  38  4:26  Planetary Fortress  
  38  4:30  Missile Turret  
  38  4:32  SCV  
  38  4:33  SCV  
  38  4:37  Refinery x2  
  40  4:45  SCV  
  42  4:46  Supply Depot  
  42  4:49  Planetary Fortress  
  41  4:53  Refinery  
  41  4:59  Planetary Fortress  
  41  5:10  Supply Depot, SCV  
  41  5:12  Starport  
  42  5:22  SCV  
  42  5:28  Factory  
  43  5:34  SCV  
  44  5:40  SCV  
  44  5:41  SCV  
  45  5:46  SCV  
  46  5:53  SCV x2  
  46  5:54  Viking  
  50  5:58  SCV  
  51  6:05  SCV x2  
  51  6:10  SCV, Missile Turret  
  54  6:11  Missile Turret  
  54  6:14  Supply Depot  
  54  6:17  SCV x2  
  56  6:21  Factory  
  56  6:22  SCV  
  56  6:24  Medivac  
  59  6:29  SCV x2  
  59  6:31  Factory Tech Lab  
  61  6:35  SCV  
  61  6:37  Refinery  
  62  6:41  SCV  
  62  6:46  Supply Depot  
  62  6:47  SCV  
  64  6:53  Command Center  
  64  6:54  Starport Tech Lab  
  64  6:58  Widow Mine  
  64  6:59  SCV  
  67  7:04  Siege Tank  
  70  7:11  SCV  
  71  7:22  Banshee  
  73  7:25  Widow Mine x2  
  77  7:30  Factory  
  77  7:31  SCV  
  77  7:36  Siege Tank  
  81  7:43  Supply Depot, SCV  
  82  7:45  Supply Depot  
  82  7:47  Widow Mine x2  
  82  7:48  Supply Depot  
  82  7:49  Supply Depot  
  86  7:55  SCV, Corvid Reactor  
  87  8:07  SCV  
  87  8:08  Siege Tank  
  87  8:11  Missile Turret  
  93  8:18  Missile Turret  
  93  8:19  SCV  
  98  8:28  Factory Tech Lab x3  
  98  8:31  SCV  
  93  8:40  Widow Mine  
  95  8:42  Missile Turret  
  95  8:44  SCV  
  96  9:02  Widow Mine  
  96  9:14  Missile Turret  
  90  9:18  Ghost Academy  
  90  9:19  Ghost Academy  
  90  9:20  Supply Depot x2  
  90  9:23  Widow Mine, Hellion  
  98  9:26  Widow Mine  
  98  9:28  Widow Mine  
  98  9:33  Starport  
  98  9:34  Starport  
  98  9:35  Starport x2  
  98  9:44  Widow Mine x2  
  102  9:47  Planetary Fortress, Widow Mine  
  102  9:58  Missile Turret  
  102  10:01  Missile Turret  
  102  10:02  Missile Turret x2  
  102  10:06  Widow Mine  
  104  10:21  Refinery  
  104  10:23  Refinery  
  104  10:27  Widow Mine  
  103  10:31  Starport Tech Lab x4  
  101  10:45  Command Center  
  101  10:50  Command Center  
  101  10:51  Siege Tank  
  101  10:53  Raven x5  
  114  11:01  SCV  
  115  11:13  SCV  
  109  11:36  Raven x5  
  108  11:47  Widow Mine  
  108  11:52  Hellion  
  108  11:53  Hellion x2  
  116  11:56  SCV x3  
  116  11:59  Personal Cloaking  
  119  12:07  SCV  
  120  12:09  Widow Mine  
  120  12:10  Planetary Fortress  
  120  12:13  Missile Turret  
  120  12:14  Hellion x3  
  128  12:18  Raven  
  128  12:19  Raven x4, SCV  
  128  12:20  Barracks Tech Lab  
  137  12:30  Widow Mine  
  137  12:34  Factory  
  137  12:35  Hellion x3  
  145  12:48  Planetary Fortress  
  145  12:51  SCV  
  145  12:52  Widow Mine, Missile Turret  
  145  12:53  SCV x2  
  145  12:56  Hellion  
  145  12:57  Hellion x2  
  156  13:03  SCV  
  156  13:04  Command Center  
  157  13:07  Nuke  
  157  13:08  Armory  
  157  13:09  Ghost  
  159  13:15  SCV  
  159  13:18  Hellion x3  
  164  13:24  Nuke  
  164  13:27  SCV  
  165  13:37  Ghost  
  165  13:39  Hellion  
  165  13:40  SCV  
  168  14:06  Ghost  
  168  14:24  Raven x4  
  166  14:27  Refinery  
  166  14:28  Refinery  
  166  14:30  Command Center  
  170  14:34  Ghost  
  172  15:03  Ghost  
  134  16:24  Widow Mine  
  136  16:27  Missile Turret  
  136  16:29  Widow Mine, Missile Turret  
  136  16:30  Widow Mine  
  136  16:31  Widow Mine x2  
  136  16:46  Widow Mine  
  136  16:51  Widow Mine x2  
  136  16:52  Widow Mine x2  
  139  17:07  Widow Mine  
  141  17:12  Widow Mine x2  
  138  17:27  Nuke x2  
  138  17:29  Widow Mine  
  137  17:30  Raven  
  137  17:31  Raven x4  
  136  17:56  Command Center  
  136  17:59  Missile Turret  
  136  18:00  Missile Turret  
  136  18:06  Hellion  
  136  18:07  Hellion x3  
  142  18:13  Raven x2  
  142  18:14  Raven x3  
  140  18:28  Hellion x4  
  156  18:56  Raven x2  
  159  19:08  Thor x3, Factory Tech Lab  
  163  19:31  Nuke x2  
  153  19:46  Thor  
  153  19:50  Planetary Fortress  
  153  19:51  Thor x3  
  177  20:02  Siege Tank  
  180  20:11  Refinery  
  180  20:29  Thor  
  180  20:34  Siege Tank, Thor  
Tags
 
Composition
Mech
Matchup
TvZ
Spawn Locations
Cross Positions
Add a new tag
Caveats
  • Supply blocks, unpowered buildings, or Contaminate may cause inaccurate times.
  • Supply counts are checked every 10 seconds.